 Dungeon Crawl Stone Soup version 0.31-a0-217-g58bb5d79cf (webtiles) character file.

Game seed: 2257499526607680397

17 qw the Shooter (level 2, -2/16 HPs)
             Began as a Gargoyle Hexslinger on July 2, 2023.
             Slain by a worm (4 damage)
             ... on level 2 of the Dungeon.
             The game lasted 00:00:18 (985 turns).

qw the Shooter (Gargoyle Hexslinger)                 Turns: 985, Time: 00:00:19

Health: -2/16      AC:  7    Str:  8 (11) XL:     2   Next: 62%
Magic:  3/3        EV: 10    Int: 11 (13) God:
Gold:   98         SH:  0    Dex: 11 (12) Spells: 2/3 levels left

rFire   . . .        Y - +1 sling
rCold   . . .        (no shield)
rNeg    + . .        f - +0 ring mail
rPois   inf          (no helmet)
rElec   +            (no cloak)
rCorr   .            (no gloves)
SInv    .            (no boots)
Will    .....        (no amulet)
Stlth   +            (no ring)
HPRegen 0.22/turn    (no ring)
MPRegen 0.08/turn

%: no passive effects
@: no status effects
A: sickness immunity, AC +2, negative energy resistance 1, electricity
resistance, torment resistance 1, petrification resistance
a: no special abilities


You were on level 2 of the Dungeon.
You visited 1 branch of the dungeon, and saw 2 of its levels.

You collected 98 gold pieces.


Innate Abilities, Weirdness & Mutations

You are immune to sickness and miasma.
Your stone body is resilient. (AC +2)
You are immune to poison.
You resist negative energy. (rN+)
You are resistant to electric shocks. (rElec)
You are resistant to unholy torment.
You are immune to petrification.


   Skills:
 + Level 1.4 Fighting
 - Level 3.0 Ranged Weapons
 - Level 1.5 Dodging
 - Level 1.0 Spellcasting
 - Level 2.6 Hexes


You had 2 spell levels left.
You knew the following spells:

 Your Spells              Type           Power      Damage    Failure   Level
a - Slow                  Hex            24%        N/A       32%         1

Your spell library contained the following spells:

 Spells                   Type           Power      Damage    Failure   Level
 Inner Flame              Hex/Fire       3%         N/A       86%         3
 Portal Projectile        Hex/Tloc       6%         N/A       86%         3
 Cause Fear               Hex            3%         N/A       97%         4

Inventory:

Hand Weapons
 Y - a +1 sling (weapon)
Armour
 f - a +0 ring mail (worn)
Scrolls
 a - a scroll of amnesia {unknown}
Potions
 j - a potion of enlightenment {unknown}

Dungeon Overview and Level Annotations

Branches:
Dungeon (2/15)

Altars:

Shops:
D:1 :


Message History

The sling bullet hits the worm!
The worm is heavily wounded.
The quokka bites you but does no damage.
The quokka misses you.
You shoot a sling bullet. The sling bullet hits the quokka.
You kill the quokka!
969 ||| FLEEEEING.
970 ||| FLEEEEING.
971 ||| FLEEEEING.
972 ||| FLEEEEING.
973 ||| FLEEEEING.
974 ||| FLEEEEING.
975 ||| FLEEEEING.
You shoot a sling bullet.
The sling bullet barely misses the worm.
You shoot a sling bullet.
The sling bullet barely misses the worm.
You shoot a sling bullet. The sling bullet hits the worm.
The worm is moderately wounded.
You shoot a sling bullet. The sling bullet hits the worm.
The worm is heavily wounded.
You shoot a sling bullet. The sling bullet hits the worm.
The worm is heavily wounded.
You shoot a sling bullet. The sling bullet hits the worm.
The worm is severely wounded.
You shoot a sling bullet.
The sling bullet hits the worm but does no damage.
The worm is severely wounded.
The worm bites you!
Ouch! That really hurt!
You shoot a sling bullet.
The sling bullet hits the worm but does no damage.
The worm is severely wounded.
The worm bites you!
You shoot a sling bullet. The sling bullet hits the worm.
The worm is severely wounded.
You shoot a sling bullet. The sling bullet hits the worm.
The worm is almost dead.
The worm bites you.
You die...

.......#.<..#.# ............#.#
#.)########.#.. #..# #.#.# #..#
#.#.# #..# #.#.# # #..# #.#.#
#######.###.#
#..########.#>#####.....%.....#
............%#..@w..#####.#####
...##########.####### # ...#
#....)... #### #########


You could see a worm.

Vanquished Creatures
  A worm (D:2)
  A dart slug (D:1)
  An endoplasm (D:1)
  4 hobgoblins
  A quokka (D:2)
  A kobold (D:1)
  3 rats (D:1)
12 creatures vanquished.

Notes
Turn   | Place    | Note
-------+----------+-------------------------------------------
     0 | D:1      | qw the Gargoyle Hexslinger began the quest for the Orb.
     0 | D:1      | Reached XP level 1. HP: 12/12 MP: 2/2
     0 | D:1      | 0 ||| qw: Version: 0.3-a-40-ge99b1a8
     0 | D:1      | 0 ||| qw: Game counter: 72
     0 | D:1      | 0 ||| qw: Melee chars always use a shield: true
     0 | D:1      | 0 ||| qw: God list: Okawaru
     0 | D:1      | 0 ||| qw: Allow faded altars: false
     0 | D:1      | 0 ||| qw: Do Orc after clearing Dungeon:15 true
     0 | D:1      | 0 ||| qw: Do second Lair branch before Depths: true
     0 | D:1      | 0 ||| qw: Lair rune preference: random
     0 | D:1      | 0 ||| qw: Goals: Normal
     0 | D:1      | 0 ||| PLANNING D:1-11
   385 | D:1      | Reached XP level 2. HP: 16/16 MP: 3/3
   472 | D:1      | Found Jingid's Book Boutique.
   782 | D:1      | 782 ||| UPGRADING to +0 leather armour.
   792 | D:1      | 792 ||| DROPPING +0 robe.
   793 | D:1      | 793 ||| UPGRADING to +0 ring mail.
   803 | D:1      | 803 ||| DROPPING +0 leather armour.
   804 | D:1      | 804 ||| DROPPING +6 ring of intelligence.
   805 | D:1      | 805 ||| READING scroll labelled JUOSHACOOR.
   810 | D:1      | 810 ||| READING scroll labelled HOOZ SUUNYNOA.
   811 | D:1      | 811 ||| DRINKING 2 grey potions.
   812 | D:1      | 812 ||| DROPPING scroll of poison.
   813 | D:1      | 813 ||| DROPPING potion of degeneration.
   857 | D:2      | HP: 3/16 [worm (7)]
   918 | D:2      | Reached skill level 3 in Ranged Weapons
   969 | D:2      | 969 ||| FLEEEEING.
   970 | D:2      | 970 ||| FLEEEEING.
   971 | D:2      | 971 ||| FLEEEEING.
   972 | D:2      | 972 ||| FLEEEEING.
   973 | D:2      | 973 ||| FLEEEEING.
   974 | D:2      | 974 ||| FLEEEEING.
   975 | D:2      | 975 ||| FLEEEEING.
   983 | D:2      | HP: 1/16 [worm (7)]
   985 | D:2      | Slain by a worm

Levels and vault maps discovered:
D:1:      beargit_arrival_diablo_church, layout_loops_ring, serial_shops, shop,
          minmay_misc_feat_hallway, minmay_misc_feat_doors
D:2:      layout_loops_ring, chequers_serial_rivers_large_a,
          uniq_crazy_yiuf_cottage, uniq_jessica

Skill      XL: |  1  2 |
---------------+-------+-----
Ranged Weapons | 3 |  3.0
Fighting       | |  1.4
Dodging        | |  1.5
Spellcasting   | |  1.0
Hexes          | |  2.6

Action                     || total
---------------------------++-------
   Fire: Sling             ||    64
    Use: Scroll            ||     2
         Potion            ||     1
 Armour: Robe              ||     8
         Ring mail         ||     3
  Dodge: Dodged            ||    15

Table legend:
 A = Non-vault XP
 B = Vault XP
 C = Vault XP percentage of total XP
 D = Non-vault monster count
 E = Vault monster count
 F = Vault count percentage of total count
                 A         B        C        D         E       F
            +---------+---------+-------+---------+---------+-------
      Total |      24 |       1 |   4.0 |      11 |       1 |   8.3
            +---------+---------+-------+---------+---------+-------
        D:1 |      11 |       1 |   8.3 |       6 |       1 |  14.3
        D:2 |      13 |       0 |   0.0 |       5 |       0 |   0.0
            +---------+---------+-------+---------+---------+-------
